AoeStats
← Shredded_Pork

Arena

506661803Analyzed
4v4 RM · 18d ago on Sep 14, 2026· 46m 47s· 8 players
Game mode
Random Map
Map size
Large (8 player)
Population
200
Speed
Normal
Resources
Standard
Victory
Conquest
Starting age
Dark Age
Ending age
Imperial Age
RankedLock teamsTeams togetherTeam positionsShared explorationLock speedFull tech treeHidden civsTurbo modeCheats
Victory
Defeat
🇹🇷 Turks · Türkiye
863
+12
🇫🇷 Bulgarians · France
814
+14
735
+17
🇨🇳 Celts · China
729
+17
🇨🇦 Turks · Canada
872
-19
🇺🇸 Celts · United States
842
-18
🇺🇸 Magyars · United States
774
-15
🇨🇳 Mongols · China
575
-8
kriber
0:54 Loom
16:55 Feudal Age
17:21 Horse Collar
18:11 Double-Bit Axe
19:41 Gold Mining
19:43 Stone Mining
25:22 Castle Age
24:04 Fletching
24:24 Forging
24:21 Scale Barding Armor
24:17 Scale Mail Armor
25:43 Bloodlines
27:07 Heavy Plow
27:24 Bow Saw
27:43 Bodkin Arrow
28:33 Gold Shaft Mining
28:34 Stone Shaft Mining
28:03 Caravan
28:43 Iron Casting
29:16 Murder Holes
30:49 Chain Barding Armor
30:32 Husbandry
29:56 Light Cavalry
37:19 Imperial Age
35:29 Wheelbarrow
34:41 Town Watch
35:37 Chain Mail Armor
35:27 Squires
37:31 Hand Cart
37:27 Guard Tower
38:08 Stirrups
37:34 Elite Konnik
39:03 Crop Rotation
40:16 Blast Furnace
39:57 Siege Engineers
40:32 Plate Barding Armor
46:36 Plate Mail Armor
ertk
9:43 Feudal Age
14:39 Castle Age
13:26 Horse Collar
13:57 Double-Bit Axe
15:23 Loom
26:46 Imperial Age
28:50 Padded Archer Armor
28:40 Fletching
30:21 Leather Archer Armor
30:02 Bodkin Arrow
34:00 Ring Archer Armor
34:18 Ballistics
37:01 Bracer
41:37 Bow Saw
42:53 Wheelbarrow
42:29 Artillery
42:44 Scale Barding Armor
42:40 Scale Mail Armor
42:51 Forging
42:45 Husbandry
42:56 Bloodlines
Shredded_Pork
10:28 Feudal Age
11:05 Horse Collar
11:14 Double-Bit Axe
20:41 Castle Age
19:33 Stone Mining
19:33 Gold Mining
22:03 Bow Saw
21:55 Heavy Plow
24:26 Stone Shaft Mining
24:27 Gold Shaft Mining
32:38 Imperial Age
32:03 Wheelbarrow
31:33 Scale Mail Armor
31:43 Forging
31:24 Fletching
31:58 Ballistics
31:07 Pikeman
32:48 Chain Mail Armor
33:09 Iron Casting
33:00 Hand Cart
32:47 Bodkin Arrow
32:48 Halberdier
33:56 Conscription
33:39 Capped Ram
34:48 Furor Celtica
38:34 Plate Mail Armor
45:27 Siege Ram
不穿内裤真龙不被束缚
0:29 Loom
12:49 Feudal Age
14:34 Horse Collar
18:06 Castle Age
17:51 Double-Bit Axe
24:32 Heavy Plow
27:10 Stone Mining
27:10 Gold Mining
28:59 Squires
28:20 Pikeman
28:20 Man-at-Arms
29:14 Scale Barding Armor
29:10 Padded Archer Armor
29:25 Forging
29:15 Scale Mail Armor
29:50 Long Swordsman
35:36 Chain Barding Armor
35:32 Chain Mail Armor
35:53 Iron Casting
40:29 Imperial Age
40:41 Chain Barding Armor
40:36 Chain Mail Armor
40:57 Iron Casting
43:12 Elite Centurion
45:22 Legionary
47:43 Gold Shaft Mining
-Z-Wolftrap-Z-
2:07 Loom
11:59 Feudal Age
18:06 Castle Age
16:03 Double-Bit Axe
16:21 Horse Collar
18:35 Fletching
19:09 Bow Saw
20:14 Bodkin Arrow
22:49 Heavy Plow
24:36 Gold Mining
24:58 Stone Mining
26:22 Scale Barding Armor
26:18 Padded Archer Armor
27:16 Gold Shaft Mining
26:53 Thumb Ring
Marshall
12:32 Feudal Age
13:41 Double-Bit Axe
13:40 Horse Collar
20:03 Castle Age
18:11 Gold Mining
18:56 Stone Mining
20:16 Bloodlines
20:59 Bow Saw
20:51 Heavy Plow
22:24 Husbandry
24:52 Gold Shaft Mining
25:31 Padded Archer Armor
25:55 Ballistics
27:17 Fletching
28:55 Bodkin Arrow
29:16 Leather Archer Armor
32:44 Imperial Age
32:51 Elite Janissary
35:06 Bracer
35:37 Ring Archer Armor
3184353558
1:17 Loom
13:21 Feudal Age
13:52 Double-Bit Axe
14:55 Wheelbarrow
15:07 Gold Mining
18:47 Stone Mining
21:42 Castle Age
23:21 Bow Saw
26:27 Stone Shaft Mining
26:44 Gold Shaft Mining
27:06 Hand Cart
27:57 Town Watch
28:24 Town Watch
28:54 Horse Collar
35:51 Imperial Age
33:56 Heavy Plow
36:23 Heavy Scorpion
38:12 Conscription
39:18 Town Patrol
一把菜刀
0:59 Loom
15:13 Feudal Age
18:09 Wheelbarrow
20:42 Castle Age
18:54 Stone Mining
20:04 Double-Bit Axe
20:13 Gold Mining
22:34 Pikeman
24:43 Town Watch
26:59 Bow Saw
26:32 Horse Collar
29:54 Gold Shaft Mining
37:56 Imperial Age
36:37 Fletching
36:57 Forging
36:49 Padded Archer Armor
40:31 Ballistics
Connection lost

Rejoining the realm…

Still unreachable

The connection could not be restored.

Session expired

The server has moved on; the page needs a fresh start.